 Dungeon Crawl Stone Soup version 0.24.1 (webtiles) character file.

Game seed: 6304200225010547159, levelgen mode: deterministic

3520 Curus the Carver (level 9, -6/89 HPs)
             Began as a Minotaur Berserker on Apr 3, 2020.
             Was an Elder of Trog.
             Mangled by a troll (7 damage)
             ... on level 13 of the Dungeon.
             The game lasted 00:44:12 (4577 turns).

Curus the Carver (Minotaur Berserker)               Turns: 4577, Time: 00:44:13

Health: -6/89      AC: 11    Str: 21 (22) XL:     9   Next: 81%
Magic:  8/8        EV:  8    Int:  6 (7)  God:    Trog [****..]
Gold:   341        SH:  0    Dex:  9 (10) Spells: 8/8 levels left

rFire    . . .     SeeInvis .   a - +2 falchion
rCold    . . .     Gourm    .   (no shield)
rNeg     . . .     Faith    .   u - +0 chain mail
rPois    +         Spirit   .   (helmet restricted)
rElec    .         Reflect  .   j - +0 cloak
rCorr    +         Harm     .   (no gloves)
MR       .....                  (no boots)
Stlth    ..........             (no amulet)
HPRegen  0.24/turn              v - ring of resist corrosion
MPRegen  0.11/turn              y - ring of poison resistance

@: berserk cooldown
A: retaliatory headbutt, horns 2
a: Berserk, Trog's Hand, Brothers in Arms, Renounce Religion


You were on level 13 of the Dungeon.
You worshipped Trog.
Trog was greatly pleased with you.
You were not hungry.

You visited 1 branch of the dungeon, and saw 9 of its levels.

You collected 341 gold pieces.

Inventory:

Hand Weapons
 a - a +2 falchion (weapon)
 D - a +0 long sword
Armour
 b - a +0 animal skin
 d - a +0 leather armour
 e - a +0 ring mail
 j - a +0 cloak (worn)
 o - a +0 scale mail
 u - a +0 chain mail (worn)
 E - a +4 chain mail
Jewellery
 h - an uncursed ring of flight
 l - a -4 ring of evasion
 m - a -6 ring of intelligence
 r - an uncursed ring of wizardry
 v - a ring of resist corrosion (left hand)
 y - a ring of poison resistance (right hand)
Wands
 n - a wand of flame (13)
 s - a wand of paralysis (10)
 w - a wand of random effects (21)
 B - a wand of iceblast (12)
 C - a wand of polymorph (7)
Scrolls
 g - 2 scrolls of fear
 i - a scroll of fog
 k - 12 scrolls of identify
 p - 3 scrolls of magic mapping
 q - 2 scrolls of teleportation
 x - 3 scrolls of remove curse
Potions
 f - 2 potions of magic
 t - a potion of heal wounds
 A - a potion of curing
Comestibles
 c - 8 rations
 z - 3 chunks of flesh


   Skills:
 + Level 11.1 Fighting
 - Level 14.0 Long Blades
 + Level 7.3 Armour
 - Level 2.1 Dodging


You had 8 spell levels left.
You didn't know any spells.
Your spell library was empty.

Dungeon Overview and Level Annotations

Branches:
Dungeon (10/15)            Temple (0/1) D:5
   Lair: D:8-11         Orc: D:9-12

Altars:
Nemelex Xobeh
Vehumet
Zin
The Shining One

Shops:
D:5 (


Innate Abilities, Weirdness & Mutations

You reflexively headbutt those who attack you in melee.
You have a pair of horns on your head.


Message History

You slash the troll!
The troll is severely wounded.
The troll bites you but does no damage. The troll claws you!
* * * LOW HITPOINT WARNING * * *
The troll claws you.
* * * LOW HITPOINT WARNING * * *
You hit the troll. You headbutt the troll.
The troll is severely wounded.
The troll barely misses you.
The troll claws you but does no damage. x2
Some of the chunks of flesh in your inventory have rotted away.
You barely miss the troll.
The troll is severely wounded.
You hit the troll.
The troll is severely wounded.
The troll bites you!
* * * LOW HITPOINT WARNING * * *
The troll claws you.
* * * LOW HITPOINT WARNING * * *
The troll claws you!
You die...

.. .. ##.# #..# #..#
#..#####. #
#T)......
...##.######@.#.....
.......)))......####
#.#######..))......#
#...)....#..
#....)).....# .
#.<##........# ...
#........# .#
##########


You could see a troll.

Vanquished Creatures
  A troll (D:13)
  2 hippogriffs
  Sigmund (D:2)
  Eustachio (D:5)
  Menkaure (D:6)
  An orc warrior (D:13)
  A phantom (D:4)
  4 ogres
  A centaur (D:3)
  A big kobold (D:7)
  2 bullfrogs
  2 jellies
  3 scorpions
  4 wights (D:13)
  3 howler monkeys (D:5)
  A centaur zombie (D:7)
  3 crimson imps
  2 quasits
  A bullfrog zombie (D:6)
  A centaur skeleton (D:6)
  3 hounds
  2 orc priests
  6 orc wizards
  A bullfrog skeleton (D:4)
  An iguana (D:4)
  5 worker ants
  A hound skeleton (D:5)
  9 adders
  An ooze (D:5)
  An adder skeleton (D:6)
  2 dart slugs (D:1)
  10 leopard geckos
  21 orcs
  4 ball pythons
  7 bats
  8 giant cockroaches
  5 goblins
  6 hobgoblins
  12 jackals
  13 kobolds
  A quokka (D:5)
  4 frilled lizards
  2 leopard gecko skeletons (D:4)
  10 rats
171 creatures vanquished.

Vanquished Creatures (others)
  2 jackals (D:5)
2 creatures vanquished.

Grand Total: 173 creatures vanquished

Notes
Turn   | Place    | Note
-------+----------+-------------------------------------------
     0 | D:1      | Curus the Minotaur Berserker began the quest for the Orb.
     0 | D:1      | Reached XP level 1. HP: 19/19 MP: 0/0
    53 | D:1      | Reached skill level 4 in Long Blades
    60 | D:1      | Reached XP level 2. HP: 17/26 MP: 1/1
   631 | D:1      | Reached skill level 5 in Long Blades
   807 | D:2      | Reached XP level 3. HP: 31/31 MP: 2/2
   815 | D:2      | Reached ** piety under Trog
   890 | D:2      | Noticed Sigmund
   917 | D:2      | Killed Sigmund
   917 | D:2      | Reached skill level 7 in Long Blades
   917 | D:2      | Reached XP level 4. HP: 3/39 MP: 3/3
   917 | D:2      | Reached XP level 5. HP: 3/45 MP: 4/4
  1339 | D:2      | Lost intelligence.
  1602 | D:3      | Reached skill level 8 in Long Blades
  1642 | D:3      | Reached skill level 13 in Long Blades
  1642 | D:3      | Reached XP level 6. HP: 51/63 MP: 5/5
  1665 | D:3      | Found a glowing silver altar of Zin.
  1667 | D:3      | Found a transporter.
  1675 | D:3      | Found a transporter.
  1996 | D:3      | Reached XP level 7. HP: 40/70 MP: 6/6
  2091 | D:4      | Reached *** piety under Trog
  2364 | D:4      | Found a sparkling altar of Nemelex Xobeh.
  2554 | D:3      | Reached skill level 14 in Long Blades
  2626 | D:4      | Reached XP level 8. HP: 48/78 MP: 7/7
  2929 | D:4      | Noticed a hippogriff
  2942 | D:4      | Killed a hippogriff
  3017 | D:5      | Entered Level 5 of the Dungeon
  3105 | D:5      | Found Zovij's Weapon Shop.
  3229 | D:5      | Noticed Eustachio
  3255 | D:5      | Killed Eustachio
  3278 | D:5      | Found a glowing golden altar of the Shining One.
  3285 | D:5      | Found a radiant altar of Vehumet.
  3309 | D:5      | Reached skill level 10 in Fighting
  3309 | D:5      | Reached skill level 5 in Armour
  3373 | D:5      | Found a staircase to the Ecumenical Temple.
  3546 | D:5      | Reached XP level 9. HP: 84/85 MP: 8/8
  3716 | D:5      | Reached **** piety under Trog
  3953 | D:6      | Noticed Menkaure
  3959 | D:6      | Killed Menkaure
  4504 | D:7      | You fall into a shaft and drop 3 floors!
  4504 | D:10     | Entered Level 10 of the Dungeon
  4511 | D:10     | You fall into a shaft and drop 3 floors!
  4513 | D:13     | Noticed a troll
  4525 | D:13     | Killed a troll
  4541 | D:13     | Reached ***** piety under Trog
  4568 | D:13     | Noticed a troll
  4577 | D:13     | HP: 3/89 [troll (15)]
  4577 | D:13     | HP: 1/89 [troll (2)]
  4577 | D:13     | Mangled by a troll

Levels and vault maps discovered:
D:1:      lemuel_arrival_muddy, layout_basic
D:2:      layout_loops_ring, first_ration, uniq_sigmund
D:3:      layout_basic, gammafunk_temple_overflow_arena
D:4:      minmay_diamond_boxcup, layout_basic, lemuel_doored_altar
D:5:      layout_basic, amethyst_overflow_temple_binary,
          minmay_temple_entry_proselytizer, serial_shops, nicolae_shop_stone,
          lemuel_old_faithful, uniq_eustachio
D:6:      layout_basic, uniq_menkaure
D:7:      layout_cave_pools, serial_shops, shop
D:10:     kennysheep_steamy, layout_long_grid, minivault_16,
          columned_hall_lemuel, eino_house_with_fridge, uniq_fannar
D:13:     layout_rooms

Skill      XL: |  1  2  3  4  5  6  7  8  9 |
---------------+----------------------------+-----
Long Blades    | 4 5 7 13 14 | 14.0
Fighting       | 9 10 11 | 11.1
Armour         | 3 5 7 |  7.3
Dodging        | |  2.1

Action                   |  1- 3 |  4- 6 |  7- 9 || total
-------------------------+-------+-------+-------++-------
Melee: Falchion          |    71 |    88 |   374 ||   533
       Headbutt          |    17 |    11 |    61 ||    89
Invok: Berserk           |     1 |       |     2 ||     3
       Trog's Hand       |       |       |     1 ||     1
  Use: Scroll            |     5 |     1 |     6 ||    12
       Potion            |     1 |     3 |     5 ||     9
  Eat: Chunk             |       |     4 |    14 ||    18
Armor: Ring mail         |    16 |    46 |       ||    62
       Leather armour    |     1 |       |       ||     1
       Scale mail        |       |     6 |    94 ||   100
       Chain mail        |       |       |   190 ||   190
Dodge: Dodged            |    33 |    38 |   166 ||   237
       Rpst.: Falchion   |     5 |     8 |    46 ||    59
